 Dungeon Crawl Stone Soup version 0.27-a0-1147-gb3d8e82157 (webtiles) character file.

Game seed: 4137661738109152092

56744 siradein the Devastator (level 14, -5/118 HPs)
             Began as a White Draconian Conjurer on May 11, 2021.
             Was a High Priest of Vehumet.
             Slain by a cane toad (8 damage)
             ... while petrified by a catoblepas
             ... on level 6 of the Lair of Beasts on May 12, 2021.
             The game lasted 02:33:49 (26674 turns).

siradein the Devastator (White Draconian Conjurer) Turns: 26674, Time: 02:33:51

Health: -5/118     AC: 16    Str: 13    XL:     14   Next: 43%
Magic:  6/28       EV:  2    Int: 35    God:    Vehumet [*****.]
Gold:   1296       SH:  0    Dex:  5    Spells: 5/34 levels left

rFire    . . .     SeeInvis +   A - +5 long sword of Amipt {holy, +Rage Int+4 Dex-5}
rCold    + + .     Faith    +   (no shield)
rNeg     + + +     Spirit   .   (armour unavailable)
rPois    ∞         Reflect  .   H - +1 hat
rElec    +         Harm     .   L - +2 cloak
rCorr    .         Rampage  .   h - +0 pair of gloves
Will     ++...                  v - +2 pair of boots "Echir" {rF+ Int+4}
Stlth    +.........             K - amulet of faith
HPRegen  0.29/turn              S - ring "Rawel" {rElec Will+ Str+3 SInv}
MPRegen  0.21/turn              C - ring "Jeaj" {Ice rPois Int+4}

@: petrified, studying Shields
A: breathe frost, AC +8, unfitting armour, cold resistance 1, cold-blooded
a: Breathe Frost, Renounce Religion, Evoke Berserk Rage


You were on level 6 of the Lair of Beasts.
You worshipped Vehumet.
Vehumet was extremely pleased with you.
You visited 3 branches of the dungeon, and saw 18 of its levels.
You also visited: Bailey and Gauntlet.

You collected 1356 gold pieces.
You spent 60 gold pieces at shops.

Inventory:

Hand Weapons
 A - the +5 long sword of Amipt (weapon) {holy, +Rage Int+4 Dex-5}
   (You found it on level 8 of the Dungeon)

   It has been blessed by the Shining One to cause great damage to the undead
   and demons.
   It affects your intelligence (+4).
   It affects your dexterity (-5).
   It lets you go berserk.
 G - the +7 mace of Variability {chain chaos}
   (You found it on level 10 of the Dungeon)

   Each time it hits an enemy it has a different, random effect.
Missiles
 d - 2 atropa-tipped darts
 D - a curare-tipped dart
 N - 7 boomerangs of dispersal
Armour
 h - a +0 pair of gloves (worn)
 v - the +2 pair of boots "Echir" (worn) {rF+ Int+4}
   (You found it on level 6 of the Dungeon)

   It affects your intelligence (+4).
   It protects you from fire.
 H - a +1 hat (worn)
 L - a +2 cloak (worn)
Jewellery
 C - the ring "Jeaj" (right hand) {Ice rPois Int+4}
   (You found it on level 9 of the Dungeon)

   [ring of ice]

   It enhances your ice magic.
   It affects your intelligence (+4).
   It makes you vulnerable to fire.
   It protects you from cold.
   It protects you from poison.
 K - an amulet of faith (around neck)
 S - the ring "Rawel" (left hand) {rElec Will+ Str+3 SInv}
   (You found it in a Gauntlet)

   [ring of willpower]

   It affects your strength (+3).
   It insulates you from electricity.
   It lets you see invisible.
   It increases your willpower.
 T - the amulet "Dimoyxzu" {Spirit Rampage rPois Slay+3}
   (You found it in a Gauntlet)

   [amulet of guardian spirit]

   It causes incoming damage to be divided between your reserves of health and
   magic.
   It affects your accuracy and damage with ranged weapons and melee attacks
   (+3).
   It protects you from poison.
   It bestows one free step when moving towards enemies.
 V - a ring of see invisible
 X - the amulet of Vitality {Regen+ HP+15}
   (You found it in a Gauntlet)

   [amulet of regeneration]

   It affects your health (+15).
   It increases your rate of health regeneration.
Wands
 a - a wand of acid (24)
 c - a wand of iceblast (7)
 t - a wand of charming (9)
 M - a wand of paralysis (8)
 R - a wand of digging (4)
 W - a wand of polymorph (18)
Scrolls
 e - 2 scrolls of silence
 i - 3 scrolls of holy word
 j - 3 scrolls of magic mapping
 k - 10 scrolls of enchant weapon
 l - 2 scrolls of brand weapon
 n - a scroll of vulnerability
 o - a scroll of immolation
 q - 5 scrolls of teleportation
 r - 2 scrolls of torment
 x - 4 scrolls of blinking
 y - a scroll of fog
 B - 4 scrolls of enchant armour
 E - a scroll of identify
 J - a scroll of fear {unknown}
 P - a scroll of amnesia
Potions
 b - 5 potions of might
 f - 3 potions of heal wounds
 g - a potion of attraction
 m - 2 potions of brilliance
 p - 5 potions of ambrosia
 s - a potion of lignification
 u - 3 potions of invisibility
 w - 3 potions of curing
 z - 2 potions of resistance
 F - 2 potions of haste
 I - 3 potions of flight
 Q - a potion of berserk rage
 U - a potion of magic {unknown}
Miscellaneous
 O - a lightning rod (4/4)
 Y - a box of beasts
 Z - a lightning rod (4/4)


   Skills:
 + Level 9.0 Fighting
 - Level 5.5 Maces & Flails
 + Level 7.9 Dodging
 - Level 1.7 Stealth
 + Level 10.7 Spellcasting
 * Level 15.9 Conjurations
 + Level 5.5 Hexes
 + Level 1.1 Summonings
 + Level 8.1 Evocations


You had 5 spell levels left.
You knew the following spells:

 Your Spells              Type           Power      Damage    Failure   Level
a - Magic Dart            Conj           100%       1d8       0%          1
b - Searing Ray           Conj           100%       3d7       0%          2
c - Dazzling Flash        Conj/Hex       100%       N/A       1%          3
d - Fulminant Prism       Conj/Hex       38%        3d18      1%          4
e - Iskenderun's Mystic   Conj/Tloc      65%        2d13      1%          4
f - Poisonous Vapours     Pois/Air       36%        N/A       1%          2
g - Conjure Flame         Conj/Fire      65%        6-21      1%          3
h - Inner Flame           Hex/Fire       38%        N/A       1%          3
i - Spellforged Servitor  Conj/Summ      34%        N/A       16%         7

Your spell library contained the following spells:

 Spells                   Type           Power      Damage    Failure   Level
 Corpse Rot               Necr/Air       N/A        N/A       3%          2
 Sublimation of Blood     Necr           9%         N/A       3%          2
 Dispel Undead            Necr           18%        3d11      22%         4
 Agony                    Necr           18%        N/A       54%         5
 Excruciating Wounds      Necr           9%         N/A       54%         5


Dungeon Overview and Level Annotations

Branches:
Dungeon (11/15)            Temple (1/1) D:5            Lair (6/6) D:11
 Shoals (0/4) Lair:3        Snake (0/4) Lair:2        Slime (0/5) Lair:5
    Orc (0/2) D:9          Bailey (visited)         Gauntlet (visited)

Altars:
Dithmenos
Fedhas
Gozag
Hepliaklqana
Kikubaaqudgha
Makhleb
Okawaru
Ru
Uskayaw
Vehumet
Xom
Yredelemnul
Zin
The Shining One
Jiyva

Shops:
D:6 ?[[!   D:11 (

Annotations:
D:11 3 runed translucent doors


Innate Abilities, Weirdness & Mutations

You can breathe waves of freezing cold which knock back foes.
Your icy white scales are hard. (AC +8)
You cannot fit into any form of body armour.
Your flesh is cold resistant. (rC+)
You are cold-blooded and may be slowed by cold attacks.


Message History

The catoblepas breathes a plume of calcifying dust at you.
The blast of calcifying dust hits you!
* * * LOW HITPOINT WARNING * * *
The bullfrog closely misses you.
You hit the bullfrog.
The bullfrog is moderately wounded.
You are engulfed in calcifying dust.
You are slowing down.
The bullfrog hits you.
* * * LOW HITPOINT WARNING * * *
The bullfrog hits you but does no damage.
Blink to where?
Press: ? - help, Dir - move target
As you read the scroll of blinking, it crumbles to dust.
A cane toad comes into view.
The cane toad gives a loud, deep croak!
The bullfrog is engulfed in calcifying dust.
The bullfrog is moving more slowly.
Your limbs are stiffening.
You have turned to stone.
The cane toad stings you but does no damage.
The cane toad barely misses you.
The cane toad stings you but does no damage.
The catoblepas breathes a plume of calcifying dust at you.
The blast of calcifying dust hits the bullfrog.
The blast of calcifying dust hits you. The cane toad stings you!
* * * LOW HITPOINT WARNING * * *
You are engulfed in calcifying dust.
The bullfrog is engulfed in calcifying dust.
The bullfrog stops moving altogether!
The bullfrog is engulfed in calcifying dust.
The cane toad stings you!!
* * * LOW HITPOINT WARNING * * *
You are engulfed in calcifying dust.
The bullfrog is engulfed in calcifying dust. x2
The catoblepas breathes a plume of calcifying dust at you.
The blast of calcifying dust hits the bullfrog.
The blast of calcifying dust hits you!
* * * LOW HITPOINT WARNING * * *
The cane toad stings you!
You die...

,,,,,,,,,,,,,,* *,,,,,*#......
,**,,,**.#..### *,...####.P...
,*******#.#.#.###
**.....##..... ,*
##......#####.....#...... ,*
#........#.#P............ **
##....................Y.. ****
#...............P.P...Y.Y ##,*
###.......F.$..#*#.P...YY#F
..##*##........§@§...#
#..P...##.
...P##......P...#§§..#
##....####
#....#....########§F§####.§..#
##..†....## #...§##.§...#
#.......## #....Y÷§..$P# *
###.†....# **#..........##***
#...÷...#** #....#.......#**,*
##...†#.<.#
*#.....###.#...#,,,
##...†#...P#**#.#..##*
####....,,


You could see a cane toad.

Vanquished Creatures
  Gastronok (D:10)
  A minotaur (Gauntlet)
  Snorg (Lair:3)
  A blizzard demon (Gauntlet)
  The ghost of SkiChan the Cleaver, a journeyman MiBe of Trog (D:10)
  A great orb of eyes (Gauntlet)
  A hydra (Lair:2)
  A boulder beetle (Lair:5)
  The ghost of Mels the Blocker, a novice DDFi of Elyvilon (D:9)
  A centaur warrior (D:9)
  3 two-headed ogres
  8 death yaks
  Nergalle (Lair:3)
  An obsidian statue (D:9)
  A deep elf pyromancer (D:8)
  2 ugly things (Gauntlet)
  10 elephants
  6 black mambas
  3 centaur zombies
  2 minotaur zombies (Gauntlet)
  An unseen horror (D:11)
  A torpor snail (Lair:5)
  11 cane toads
  A gargoyle (D:10)
  8 komodo dragons
  A queen bee (Lair:5)
  3 trolls
  3 meliai (Lair:5)
  2 merfolk (Lair:3)
  A hornet (D:8)
  Grinder (D:5)
  3 polar bears
  3 slime creatures (D:10)
  12 dream sheep
  25 blink frogs
  Sigmund (D:6)
  2 shadows
  25 yaks
  4 wyverns
  3 basilisks
  Eustachio (D:5)
  2 chaos spawn (D:10)
  2 vampire mosquitoes (Lair:6)
  A warg (shapeshifter) (D:9)
  4 nagas (Lair:2)
  2 steam dragons
  2 acid dragons
  A warg (D:9)
  8 water moccasins
  17 orc warriors
  A sky beast (D:7)
  6 black bears
  16 wolves
  An ogre (D:5)
  13 centaurs
  2 kobold brigands
  14 bullfrogs
  A gnoll sergeant (D:10)
  2 water moccasin zombies
  3 scorpions
  6 wights
  40 killer bees
  A howler monkey (D:5)
  3 electric eels (Lair:1)
  A bullfrog zombie (D:5)
  A hound (D:5)
  Crazy Yiuf (D:5)
  A centaur skeleton (D:7)
  9 jellies
  4 orc priests
  A gnoll shaman (D:10)
  An iguana (D:7)
  5 orc wizards
  6 hell rats
  A killer bee zombie (D:8)
  2 howler monkey zombies
  9 gnolls (D:10)
  11 adders
  A shadow imp (D:6)
  2 white imps
  2 ufetubi
  An adder skeleton (D:5)
  3 worms
  2 dart slugs
  47 orcs
  6 bats
  6 endoplasms
  2 giant cockroaches
  9 goblins
  4 hobgoblins
  11 jackals (D:1)
  7 kobolds
  6 quokkas
  2 ball pythons (D:2)
  2 frilled lizards
  10 rats
483 creatures vanquished.

Vanquished Creatures (others)
  A yak (Lair:5)
  A fire vortex (Lair:5)
  70 fulminant prisms
  100 fungi
  190 plants
362 creatures vanquished.

Grand Total: 845 creatures vanquished

Notes
Turn   | Place    | Note
-------+----------+-------------------------------------------
     0 | D:1      | siradein the Draconian Conjurer began the quest for the
                  | Orb.
     0 | D:1      | Reached XP level 1. HP: 14/14 MP: 3/3
   323 | D:1      | Reached XP level 2. HP: 20/20 MP: 1/5
   901 | D:1      | Reached XP level 3. HP: 5/26 MP: 0/6
  1478 | D:1      | Found a faded altar of an unknown god.
  1558 | D:1      | Learned a level 2 spell: Searing Ray
  1562 | D:1      | Learned a level 3 spell: Dazzling Flash
  1645 | D:2      | Found a hide-covered altar of Uskayaw.
  1937 | D:2      | Reached skill level 5 in Conjurations
  2406 | D:3      | Reached XP level 4. HP: 33/33 MP: 0/8
  3677 | D:5      | Entered Level 5 of the Dungeon
  3698 | D:5      | Noticed Eustachio
  3793 | D:5      | Killed Eustachio
  3794 | D:5      | Reached skill level 6 in Conjurations
  3794 | D:5      | Reached XP level 5. HP: 32/38 MP: 5/10
  3870 | D:5      | Found a staircase to the Ecumenical Temple.
  3887 | Temple   | Entered the Ecumenical Temple
  3988 | Temple   | Became a worshipper of Vehumet
  4062 | D:5      | Reached XP level 6. HP: 45/45 MP: 3/11
  4297 | D:5      | Found a sacrificial altar of Ru.
  4329 | D:5      | Reached skill level 7 in Conjurations
  4444 | D:5      | Found an iron altar of Okawaru.
  4472 | D:5      | Noticed Grinder
  4494 | D:5      | Killed Grinder
  4495 | D:5      | Your scales start taking on an icy white colour.
  4495 | D:5      | Reached XP level 7. HP: 41/50 MP: 4/13
  4495 | D:5      | Gained mutation: Your flesh is cold resistant. (rC+) [White
                  | Draconian growth]
  4672 | D:5      | Reached skill level 8 in Conjurations
  4760 | D:5      | Found a basalt altar of Yredelemnul.
  4855 | D:5      | Reached skill level 5 in Spellcasting
  5441 | D:5      | Found a runed translucent door.
  5442 | D:5      | Noticed Crazy Yiuf
  5591 | D:6      | Found Ydwyprah's Armour Boutique.
  5631 | D:6      | Reached * piety under Vehumet
  5631 | D:6      | Offered knowledge of Sandblast by Vehumet.
  5632 | D:6      | Reached XP level 8. HP: 51/57 MP: 8/15
  5696 | D:6      | Noticed Sigmund
  5704 | D:6      | Killed Sigmund
  5705 | D:6      | Reached skill level 9 in Conjurations
  5784 | D:6      | Found Cuykket's Magic Scroll Boutique.
  5845 | D:6      | Found Juaha's Distillery.
  6171 | D:6      | Identified the +2 pair of boots "Echir" {rF+ Int+4}
  6231 | D:6      | Found Japnazua's Antique Armour Shoppe.
  6903 | D:6      | Reached skill level 10 in Conjurations
  7017 | D:7      | Found a flagged portal.
  7027 | D:7      | Identified the +0 ring mail "Irim Dyl" {Will+}
  7045 | Bailey   | Entered a bailey
  7158 | Bailey   | Reached XP level 9. HP: 60/62 MP: 7/18
  7158 | Bailey   | Reached ** piety under Vehumet
  7308 | Bailey   | Offered knowledge of Static Discharge by Vehumet.
  7369 | Bailey   | Learned a level 4 spell: Fulminant Prism
  7374 | Bailey   | Learned a level 4 spell: Iskenderun's Mystic Blast
  7627 | Bailey   | Reached skill level 11 in Conjurations
  8859 | D:7      | Reached skill level 12 in Conjurations
  9353 | D:7      | Reached XP level 10. HP: 70/70 MP: 17/21
  9354 | D:7      | Reached skill level 1 in Fighting
  9497 | D:7      | Reached skill level 1 in Evocations
  9608 | D:8      | Found a blossoming altar of Fedhas.
  9638 | D:8      | Offered knowledge of Poisonous Vapours by Vehumet.
  9654 | D:8      | Learned a level 2 spell: Poisonous Vapours
  9830 | D:8      | Noticed a deep elf pyromancer
  9843 | D:8      | Killed a deep elf pyromancer
  9860 | D:8      | Reached *** piety under Vehumet
  9931 | D:8      | Noticed a two-headed ogre
  9950 | D:8      | Killed a two-headed ogre
 10092 | D:8      | Found a shadowy altar of Dithmenos.
 10386 | D:8      | Identified the +5 long sword of Amipt {holy, +Rage Int+4
                  | Dex-5}
 10714 | D:8      | Found a burning altar of Makhleb.
 10947 | D:9      | Found a staircase to the Orcish Mines.
 11007 | D:9      | Offered knowledge of Conjure Flame by Vehumet.
 11163 | D:9      | Learned a level 3 spell: Conjure Flame
 11347 | D:9      | Noticed a two-headed ogre
 11362 | D:9      | Killed a two-headed ogre
 11363 | D:9      | Reached skill level 13 in Conjurations
 11363 | D:9      | Reached XP level 11. HP: 57/84 MP: 9/23
 11724 | D:9      | Found a hazy altar of Hepliaklqana.
 11761 | D:9      | Found a runed translucent gate.
 11762 | D:9      | Noticed Mels's ghost (novice DDFi)
 11763 | D:9      | Found a runed translucent gate.
 11763 | D:9      | Found an opulent altar of Gozag.
 11763 | D:9      | Noticed an obsidian statue
 11763 | D:9      | Noticed a centaur warrior
 11764 | D:9      | Found a runed translucent gate.
 11927 | D:5      | Killed Crazy Yiuf
 12072 | D:9      | Identified the ring "Jeaj" {Ice rPois Int+4}
 12142 | D:9      | Noticed a harpy
 12148 | D:9      | a harpy changed into a troll
 12179 | D:10     | Entered Level 10 of the Dungeon
 12187 | D:10     | Noticed a two-headed ogre
 12192 | D:10     | Killed a two-headed ogre
 12312 | D:10     | Found a shimmering altar of Xom.
 12313 | D:10     | Found the +7 mace of Variability {chain chaos}
 12660 | D:10     | Found a runed translucent gate.
 12660 | D:10     | Found a runed translucent gate.
 12661 | D:10     | Found a runed translucent gate.
 12836 | D:10     | Noticed Gastronok
 13181 | D:10     | Killed Gastronok
 13182 | D:10     | Reached skill level 5 in Fighting
 13182 | D:10     | Reached skill level 1 in Maces & Flails
 13465 | D:10     | Reached **** piety under Vehumet
 13625 | D:10     | Found an ancient bone altar of Kikubaaqudgha.
 13670 | D:10     | Noticed SkiChan's ghost (journeyman MiBe)
 13673 | D:10     | Found a viscous altar of Jiyva.
 13903 | D:6      | Bought a scroll of identify for 20 gold pieces
 13903 | D:6      | Bought a scroll of identify for 20 gold pieces
 13903 | D:6      | Bought a scroll of identify for 20 gold pieces
 14082 | D:11     | Found Femumigo's Antique Weapon Shoppe.
 14180 | D:11     | Reached skill level 5 in Dodging
 14299 | D:11     | Found a staircase to the Lair.
 14330 | D:11     | Found a runed translucent door.
 14330 | D:11     | Noticed a boulder beetle
 14331 | D:11     | Noticed an eight-headed hydra
 14331 | D:11     | Noticed a boulder beetle
 14737 | D:11     | Reached skill level 5 in Evocations
 14979 | D:11     | Noticed a quicksilver ooze
 14981 | D:11     | Found a runed translucent door.
 14981 | D:11     | Found a runed translucent door.
 14981 | D:11     | Noticed a spark wasp
 14981 | D:11     | a quicksilver ooze changed into a spark wasp
 15016 | Lair:1   | Entered Level 1 of the Lair of Beasts
 15063 | D:11     | HP: 4/89 [cane toad (18)]
 15503 | D:11     | Reached XP level 12. HP: 48/95 MP: 15/25
 15954 | Lair:1   | Reached skill level 14 in Conjurations
 16676 | Lair:1   | Reached skill level 1 in Hexes
 16996 | Lair:2   | Offered knowledge of Inner Flame by Vehumet.
 17001 | Lair:2   | Learned a level 3 spell: Inner Flame
 17077 | Lair:2   | Found a staircase to the Snake Pit.
 17692 | Lair:2   | Noticed an eight-headed hydra
 17697 | Lair:2   | Killed an eight-headed hydra
 18486 | Lair:3   | Noticed Snorg
 18510 | Lair:3   | Noticed Nergalle
 18511 | Lair:3   | Killed Snorg
 18630 | Lair:3   | Killed Nergalle
 18953 | Lair:3   | Found a staircase to the Shoals.
 18979 | Lair:3   | HP: 3/100 [merfolk/+0 trident (11)]
 19763 | Lair:3   | Reached XP level 13. HP: 68/105 MP: 2/26
 20534 | Lair:4   | Reached ***** piety under Vehumet
 20876 | D:9      | Offered knowledge of Freezing Cloud by Vehumet.
 20877 | D:9      | Reached skill level 5 in Maces & Flails
 20910 | D:9      | Killed Mels's ghost
 21487 | D:10     | Killed SkiChan's ghost
 21505 | D:10     | Reached skill level 10 in Spellcasting
 22242 | Lair:4   | Identified the +10 dagger of Evil {antimagic, Dex+3}
 22449 | Lair:4   | Reached skill level 15 in Conjurations
 23751 | Lair:5   | Found a staircase to the Slime Pits.
 24496 | Lair:5   | Offered knowledge of Eringya's Noxious Bog by Vehumet.
 24908 | Lair:5   | Reached XP level 14. HP: 116/116 MP: 16/28
 25189 | Lair:5   | Reached skill level 5 in Hexes
 25418 | Lair:5   | Identified the +8 halberd "Ultimatum" {elec, rN+ Str+4
                  | Int-5}
 25463 | Lair:6   | Entered Level 6 of the Lair of Beasts
 25808 | Lair:6   | Found a gate leading to a gauntlet.
 25819 | Gauntlet | Entered a Gauntlet
 25819 | Gauntlet | Found a transporter.
 25819 | Gauntlet | Found a transporter.
 25904 | Gauntlet | Found a transporter.
 25908 | Gauntlet | Found a transporter.
 25918 | Gauntlet | Found a transporter.
 25940 | Gauntlet | Found a transporter.
 25946 | Gauntlet | Found a transporter.
 25954 | Gauntlet | Found a transporter.
 25972 | Gauntlet | Found a transporter.
 25980 | Gauntlet | Found a transporter.
 25998 | Gauntlet | Found a transporter.
 26023 | Gauntlet | Found a transporter.
 26143 | Gauntlet | Identified the ring "Rawel" {rElec Will+ Str+3 SInv}
 26175 | Gauntlet | Identified the amulet "Dimoyxzu" {Spirit Rampage rPois
                  | Slay+3}
 26273 | Gauntlet | Found the amulet of Vitality {Regen+ HP+15}
 26429 | Gauntlet | Offered knowledge of Spellforged Servitor by Vehumet.
 26629 | Gauntlet | Learned a level 7 spell: Spellforged Servitor
 26644 | Lair:6   | Reached skill level 1 in Summonings
 26674 | Lair:6   | HP: 3/118 [something/blast of calcifying dust (3)]
 26674 | Lair:6   | Slain by a cane toad

Illustrated notes

Levels and vault maps discovered:
D:1:      minmay_arrival_four_circles, layout_loops_ring,
          ebering_ecumenical_altar_rust, nrook_mini_backslash
D:2:      layout_rooms, basic_altar
D:3:      layout_rooms
D:4:      layout_gridville
D:5:      layout_basic, nicolae_ru_great_annihilating_truth,
          general_overflow_altar, overflow_temple_1_default,
          minmay_temple_entry_drinking_statues, kennysheep_generic_room_13,
          uniq_crazy_yiuf_cottage, uniq_eustachio, uniq_grinder
D:6:      layout_basic, serial_shops, shop, shop, shop, kennysheep_mini,
          uniq_sigmund
D:7:      layout_cave_pools, enter_bailey_3
D:8:      layout_loops_ring, lemuel_coloured_pillars_altar,
          lemuel_crystal_altar, nicolae_dithmenos_the_darkroom,
          minmay_chambers_of_fives
D:9:      layout_cross, nzn_hepliaklqana_mist_gate, david_orc_1_choice,
          ebering_ghost_gozag
D:10:     layout_basic, nicolae_overflow_hidden_temple, gammafunk_ghost_ooze,
          minmay_misc_feat_pillars, minmay_guarded_unrand_variability,
          uniq_gastronok
D:11:     minmay_the_grid_four_pointed_star_mashed
          [minmay_the_grid_triangle_9x9_fully_insulated_deathbox,
          minmay_the_grid_triangle_9x9_steps,
          minmay_the_grid_triangle_9x9_thin_v,
          minmay_the_grid_triangle_9x9_flanged_cone,
          minmay_the_grid_prize_diamond_cup], layout_stronghold,
          lair_entry_dummy, serial_shops, nicolae_shop_statue_plus
Temple:   jpeg_temple_clearing
Lair:1:   layout_regular_city, beast_lair_carwin_6, infiniplex_staircase_pool,
          serial_bayou_shore_a, grunt_megastairs_3
Lair:2:   layout_cave_pods, minmay_snake_entry_guardpost_small,
          serial_bayou_shore_b
Lair:3:   layout_roguey, elwin_shoals_entry_rooms, grunt_megastairs_4,
          uniq_nergalle, uniq_snorg
Lair:4:   minmay_lair_venomous_thicket, layout_loops_ring
Lair:5:   regret_index_wax_grids, layout_gridlike,
          nicolae_slime_entry_slimehenge
Lair:6:   minmay_lair_end_frog_pond, layout_layer_cave,
          portal_ice_cave_entry_pillars_2, gauntlet_entry_generic

Skill      XL: |  1  2  3  4  5  6  7  8  9 10 11 12 13 14 |
---------------+-------------------------------------------+-----
Conjurations   | 5 6 7 8 10 12 13 14 15 | 15.9
Spellcasting   | 3 4 5 6 7 8 9 10 | 10.7
Dodging        | 2 3 5 6 7 |  7.9
Fighting       | 4 5 7 8 9 |  9.0
Evocations     | 3 5 6 7 8 |  8.1
Maces & Flails | 2 4 5 |  5.5
Hexes          | 3 4 5 |  5.5
Summonings     | 1 |  1.1
Stealth        | |  1.7

Action                   |  1- 3 |  4- 6 |  7- 9 | 10-12 | 13-15 || total
-------------------------+-------+-------+-------+-------+-------++-------
Melee: Unarmed           |     5 |       |       |       |       ||     5
       Long sword        |       |     3 |       |     1 |     6 ||    10
       Tailslap          |       |       |       |     1 |     2 ||     3
       Great mace        |       |       |       |     1 |     7 ||     8
 Cast: Magic Dart        |    83 |    38 |   102 |    60 |    36 ||   319
       Searing Ray       |     4 |    13 |    58 |   129 |   101 ||   305
       Dazzling Flash    |       |       |     1 |     4 |     3 ||     8
       Fulminant Prism   |       |       |    13 |    35 |    22 ||    70
       Poisonous Vapours |       |       |       |    25 |    32 ||    57
       Iskenderun's Myst |       |       |       |    46 |    78 ||   124
       Conjure Flame     |       |       |       |     8 |     7 ||    15
       Inner Flame       |       |       |       |    33 |    30 ||    63
 Abil: Breathe Frost     |       |       |    19 |    13 |    13 ||    45
  Use: Scroll            |     2 |     4 |     1 |    20 |     6 ||    33
       Potion            |       |       |       |     2 |     3 ||     5
Armor: Skin              |    15 |     2 |    15 |    73 |    56 ||   161
Dodge: Dodged            |    40 |     3 |    40 |    85 |   109 ||   277
       Rpst.: Long sword |       |     1 |       |       |    19 ||    20

Table legend: (Time is in decaauts)
 A = Elapsed time spent in this place.
 B = Non-inter-level travel time spent in this place.
 C = Inter-level travel time spent in this place.
 D = Time resting spent in this place.
 E = Time spent auto-exploring this place.
 F = Levels seen in this place.
 G = Mean time per level.
                   A        B        C        D        E       F      G
               +--------+--------+--------+--------+--------+-----+--------+
         Total |  26782 |  25737 |   1045 |   1459 |  19946 |  20 | 1339.1 |
       Dungeon |  15063 |  14322 |    741 |    652 |  11681 |  11 | 1369.4 |
        Temple |    117 |    117 |      0 |      0 |     86 |   1 |  117.0 |
          Lair |   9042 |   8738 |    304 |    513 |   6655 |   6 | 1507.0 |
        Bailey |   1748 |   1748 |      0 |    192 |   1099 |   1 | 1748.0 |
      Gauntlet |    809 |    809 |      0 |    102 |    424 |   1 |  809.0 |
               +--------+--------+--------+--------+--------+-----+--------+

Top non-repeatable levels by time:
  Lair:5: 2351 daAuts
    D:10: 2234 daAuts
  Lair:3: 2020 daAuts
     D:5: 1857 daAuts
    D:11: 1828 daAuts
  Lair:2: 1796 daAuts
  Bailey: 1748 daAuts
     D:9: 1662 daAuts
     D:1: 1587 daAuts
     D:6: 1413 daAuts
  Lair:4: 1397 daAuts
     D:8: 1323 daAuts
  Lair:1: 1074 daAuts
     D:7: 977 daAuts
     D:4: 873 daAuts
